 Dungeon Crawl Stone Soup version 0.21-a0-525-ga34b322 (webtiles) character file.

9578 solxrula the Basher (level 11, -2/157 HPs)
             Began as a Troll Berserker on Dec 8, 2017.
             Was a High Priest of Trog.
             Slain by a white ugly thing (13 damage)
             ... on level 11 of the Dungeon.
             The game lasted 00:43:08 (8513 turns).

solxrula the Basher (Troll Berserker)               Turns: 8513, Time: 00:43:09

Health: -2/157     AC:  8    Str: 35    XL:     11   Next: 24%
Magic:  10/10      EV: 12    Int:  3    God:    Trog [*****.]
Gold:   541        SH:  2    Dex: 13    Spells: 10/10 levels left

rFire    . . .     SeeInvis .   m - +4 dire flail
rCold    . . .     Gourm    +   (shield currently unavailable)
rNeg     . . .     Faith    .   r - +2 robe {MR+}
rPois    +         Spirit   .   (helmet restricted)
rElec    +         Reflect  +   (no cloak)
rCorr    .         Harm     .   (gloves unavailable)
MR       +....                  (boots unavailable)
Stlth    ..........             f - +2 amulet of reflection
HPRegen  0.76/turn              e - +4 ring of dexterity
MPRegen  0.12/turn              p - +1 ring of protection

@: berserking, very quick
A: large, unfitting armour, claws 3, fast metabolism 3, gourmand, poison
resistance, regeneration 1, shaggy fur 1, electricity resistance, tough skin 2
a: Berserk, Trog's Hand, Brothers in Arms, Burn Spellbooks, Renounce Religion


You were on level 11 of the Dungeon.
You worshipped Trog.
Trog was extremely pleased with you.
You were not hungry.

You visited 1 branch of the dungeon, and saw 11 of its levels.

You collected 541 gold pieces.

Inventory:

Hand Weapons
 a - a +0 mace
 m - a +4 dire flail (weapon)
Armour
 r - a +2 robe of magic resistance (worn)
Jewellery
 e - a +4 ring of dexterity (left claw)
 f - a +2 amulet of reflection (around neck)
 g - an uncursed ring of fire
 h - an uncursed ring of protection from fire
 o - an uncursed ring of ice
 p - a +1 ring of protection (right claw)
 q - an uncursed ring of poison resistance
 w - a cursed amulet of inaccuracy {unknown}
Wands
 b - a wand of scattershot (3)
 j - a wand of digging (10)
 v - a wand of paralysis (13)
 x - a wand of polymorph (21)
 C - a wand of random effects (30)
Scrolls
 n - 5 scrolls of remove curse
 s - 2 scrolls of fear
 y - 3 scrolls of fog
Potions
 d - 3 potions of flight
 t - a potion of magic
 z - a potion of berserk rage
Books
 u - a book of Cantrips

   Spells                             Type                      Level
   a - Confusing Touch                Hexes                        1
   b - Animate Skeleton               Necromancy                   1
   c - Summon Small Mammal            Summoning                    1
   d - Apportation                    Translocation                1
   Trog disapproves of the use of such an item.
 A - a book of Cantrips

   Spells                             Type                      Level
   a - Confusing Touch                Hexes                        1
   b - Animate Skeleton               Necromancy                   1
   c - Summon Small Mammal            Summoning                    1
   d - Apportation                    Translocation                1
   Trog disapproves of the use of such an item.
Comestibles
 c - 7 bread rations
 i - 12 royal jellies
 k - 7 meat rations
 l - 13 fruits


   Skills:
 + Level 6.3 Fighting
 * Level 13.3 Maces & Flails
 + Level 5.6 Dodging
 + Level 1.5 Stealth
 + Level 0.9 Evocations


You had 10 spell levels left.
You didn't know any spells.

Dungeon Overview and Level Annotations

Branches:
Dungeon (11/15)            Temple (0/1) D:5            Lair (0/6) D:10
    Orc (0/2) D:11

Altars:
Ashenzari
Cheibriados
Dithmenos
Elyvilon
Fedhas
Gozag
Kikubaaqudgha
Makhleb
Qazlal
Sif Muna
Trog
Uskayaw
Xom
Yredelemnul

Shops:
D:10 %

Annotations:
D:10 exclusion: obsidian statue


Innate Abilities, Weirdness & Mutations

You are too large for most types of armour.
You have claws for hands.
Your metabolism is lightning-fast.
You like to eat raw meat.
Your natural rate of healing is unusually fast.
You are covered in fur. (AC +1)
You have very tough skin. (AC +2)
Your system is resistant to poisons. (rPois)
You are resistant to electric shocks. (rElec)


Message History

The puff of flame hits you!
A white ugly thing comes into view.
The white ugly thing gurgles horribly!
The orc wizard points at you and mumbles some strange words.
The magic dart hits you!
You impale the white ugly thing!!
The white ugly thing is heavily wounded.
The white ugly thing bites you! The white ugly thing freezes you!!
You closely miss the white ugly thing.
The white ugly thing is heavily wounded.
A red film seems to cover your vision as you go berserk!
You feel yourself moving faster!
You feel mighty!
You feel a lot more hungry. The white ugly thing bites you.
The white ugly thing freezes you!!
* * * LOW HITPOINT WARNING * * *
You hit the white ugly thing.
The white ugly thing is heavily wounded.
The white ugly thing bites you!
* * * LOW HITPOINT WARNING * * *
The white ugly thing freezes you!
You die...

...............# ..#
.# .....o.........#
#.# ........$......#
..
..........##.##.....
####....##.# .###.
#.........# .#
#.#.########.# #
#.##....... #.u@.#
######


You could see a white ugly thing.

Vanquished Creatures
  2 two-headed ogres
  The ghost of solxrula the Basher, a novice TrBe of Trog (D:6)
  A gargoyle (D:8)
  2 trolls (D:10)
  2 hornets (D:10)
  Prince Ribbit (D:5)
  A hippogriff (D:11)
  Sigmund (D:6)
  5 yaks (D:9)
  Menkaure (D:5)
  3 soldier ants
  2 porcupines (D:10)
  3 ice beasts
  A sky beast (D:10)
  An orc warrior (D:10)
  2 phantoms
  An eye of draining (D:9)
  7 ogres
  7 centaurs
  2 big kobolds
  A wyvern zombie (D:10)
  10 bullfrogs
  4 scorpions
  A water moccasin skeleton (D:5)
  7 howler monkeys
  4 wights (D:6)
  A crimson imp (D:7)
  A centaur zombie (D:9)
  A centaur skeleton (D:7)
  7 hounds
  5 orc priests
  7 orc wizards
  A bullfrog skeleton (D:8)
  Ijyb (D:3)
  Terence (D:3)
  Jessica (D:3)
  4 iguanas
  Natasha (thrice) (D:3)
  5 worker ants
  Robin (D:4)
  4 gnolls (D:2)
  12 adders
  3 shadow imps
  An ooze (D:1)
  An adder skeleton (D:4)
  2 adder zombies
  3 worms (D:5)
  2 dart slugs
  8 leopard geckos
  26 orcs
  4 giant cockroaches
  20 goblins
  8 hobgoblins
  4 jackals (D:8)
  5 quokkas
  9 bats
  7 frilled lizards
  20 kobolds
  6 rats
257 creatures vanquished.

Notes
Turn   | Place    | Note
-------+----------+-------------------------------------------
     0 | D:1      | solxrula the Troll Berserker began the quest for the Orb.
     0 | D:1      | Reached XP level 1. HP: 22/22 MP: 0/0
   128 | D:1      | Reached skill level 3 in Maces & Flails
   128 | D:1      | Reached XP level 2. HP: 29/29 MP: 1/1
   319 | D:1      | Reached XP level 3. HP: 36/36 MP: 2/2
   649 | D:1      | Reached ** piety under Trog
   881 | D:2      | Reached XP level 4. HP: 40/44 MP: 3/3
   883 | D:2      | Reached skill level 4 in Maces & Flails
   987 | D:2      | Found a white marble altar of Elyvilon.
  1042 | D:2      | Found a shattered altar of Ashenzari.
  1198 | D:2      | Found a snail-covered altar of Cheibriados.
  1201 | D:2      | Found a stormy altar of Qazlal.
  1204 | D:2      | Found a hide-covered altar of Uskayaw.
  1224 | D:2      | Found a shimmering altar of Xom.
  1453 | D:2      | Found a basalt altar of Yredelemnul.
  1700 | D:3      | Noticed Natasha
  1708 | D:3      | Noticed Terence
  1726 | D:3      | Killed Terence
  1726 | D:3      | Reached XP level 5. HP: 53/53 MP: 4/4
  1791 | D:3      | Found a blossoming altar of Fedhas.
  1852 | D:3      | Killed Natasha
  1866 | D:3      | Noticed Natasha
  1879 | D:3      | Killed Natasha
  1889 | D:3      | Noticed Natasha
  1930 | D:3      | Killed Natasha
  1934 | D:3      | Reached skill level 5 in Maces & Flails
  2091 | D:3      | Noticed Ijyb
  2094 | D:3      | Noticed Jessica
  2104 | D:3      | Killed Ijyb
  2104 | D:3      | Reached XP level 6. HP: 61/61 MP: 5/5
  2107 | D:3      | Killed Jessica
  2183 | D:3      | Reached *** piety under Trog
  2424 | D:4      | Noticed Robin
  2444 | D:4      | Killed Robin
  2666 | D:4      | Reached skill level 6 in Maces & Flails
  2703 | D:4      | Found a stormy altar of Qazlal.
  2706 | D:4      | Noticed a fire elemental
  2706 | D:4      | Noticed a water elemental
  2706 | D:4      | Noticed an air elemental
  2804 | D:4      | Found an opulent altar of Gozag.
  3036 | D:5      | Entered Level 5 of the Dungeon
  3107 | D:5      | Found a deep blue altar of Sif Muna.
  3170 | D:5      | Reached XP level 7. HP: 64/67 MP: 6/6
  3297 | D:5      | Noticed a moth of wrath
  3298 | D:5      | Noticed Prince Ribbit
  3304 | D:5      | Killed Prince Ribbit
  3304 | D:5      | Reached skill level 7 in Maces & Flails
  3328 | D:5      | Found a bloodstained altar of Trog.
  3392 | D:5      | Found a staircase to the Ecumenical Temple.
  3551 | D:5      | Reached XP level 8. HP: 51/78 MP: 7/7
  3665 | D:5      | Noticed Menkaure
  3672 | D:5      | Killed Menkaure
  3806 | D:5      | Gained mutation: Your system is resistant to poisons. (rPois) [potion of mutation]
  3806 | D:5      | Gained mutation: You are resistant to electric shocks. (rElec) [potion of mutation]
  3904 | D:6      | Reached skill level 8 in Maces & Flails
  3922 | D:6      | Reached **** piety under Trog
  3996 | D:6      | Noticed Sigmund
  4007 | D:6      | Killed Sigmund
  4044 | D:6      | Noticed solxrula's ghost (novice TrBe)
  4071 | D:6      | Killed solxrula's ghost
  4071 | D:6      | Reached skill level 9 in Maces & Flails
  4071 | D:6      | Reached skill level 1 in Stealth
  4071 | D:6      | Reached XP level 9. HP: 51/85 MP: 0/8
  4502 | D:6      | Found a burning altar of Makhleb.
  4577 | D:6      | Reached skill level 10 in Maces & Flails
  4691 | D:6      | Found a shadowy altar of Dithmenos.
  4903 | D:7      | Reached skill level 5 in Fighting
  4972 | D:7      | Reached ***** piety under Trog
  5511 | D:8      | Reached skill level 5 in Dodging
  5603 | D:8      | Reached skill level 11 in Maces & Flails
  5874 | D:8      | Reached XP level 10. HP: 96/96 MP: 9/9
  5880 | D:8      | Noticed a gargoyle
  5886 | D:8      | Killed a gargoyle
  6009 | D:8      | Found an ancient bone altar of Kikubaaqudgha.
  6783 | D:9      | Lost intelligence.
  7158 | D:10     | Entered Level 10 of the Dungeon
  7269 | D:10     | Received a gift from Trog
  7274 | D:10     | Reached skill level 12 in Maces & Flails
  7318 | D:10     | Found a staircase to the Lair.
  7415 | D:10     | Noticed an obsidian statue
  7416 | D:10     | Found the +5 pair of quick blades "Gyre" and "Gimble" {pierce, Dex-3}
  7458 | D:10     | Found Obabi's Food Boutique.
  7466 | D:10     | Noticed a two-headed ogre
  7483 | D:10     | Paralysed by a hornet for 2 turns
  7494 | D:10     | Killed a two-headed ogre
  7976 | D:10     | Paralysed by a hornet for 2 turns
  7991 | D:10     | Reached XP level 11. HP: 105/105 MP: 10/10
  8117 | D:9      | Reached skill level 13 in Maces & Flails
  8415 | D:11     | Noticed a two-headed ogre
  8427 | D:11     | Killed a two-headed ogre
  8497 | D:11     | Found a staircase to the Orcish Mines.
  8501 | D:11     | Noticed a white ugly thing
  8513 | D:11     | Slain by a white ugly thing

Vault maps used:
D:1:      sevenhm_arrival_forest_fort_large_2
D:2:      lemuel_upstairs_altar, kennysheep_ying_yang,
          ashenzari_conservatory_becter, grunt_temple_overflow_cloverleaf,
          first_bread
D:3:      fedhas_altar_fruit_tree, uniq_natasha, uniq_jessica, uniq_terence,
          uniq_ijyb
D:4:      nicolae_gozag_cash_rules_everything_around_me,
          nicolae_qazlal_style_of_elements, uniq_robin
D:5:      tgw_trog, kennysheep_mini, minmay_temple_entry_large_hall,
          uniq_prince_ribbit1, uniq_menkaure
D:6:      marbit_many_paths, hangedman_decor_growths, makhleb_heckhound_becter,
          uniq_sigmund
D:8:      lemuel_round_altar
D:10:     grunt_lair_entry_orc_guard_hut, serial_shops, shop,
          hangedman_pestilent_swarm, statue_in_the_mist_lemuel,
          minmay_protected_statue
D:11:     minmay_orc_entry_temple_small, minivault_12

Skill      XL: |  1  2  3  4  5  6  7  8  9 10 11 |
---------------+----------------------------------+-----
Maces & Flails | 3 4 5 6 7 9 11 12 13 | 13.3
Fighting       | 3 4 5 6 |  6.3
Dodging        | 3 4 5 |  5.6
Stealth        | 1 |  1.5
Evocations     | |  0.9

Action                   |  1- 3 |  4- 6 |  7- 9 | 10-12 || total
-------------------------+-------+-------+-------+-------++-------
Melee: Mace              |    96 |   212 |   180 |       ||   488
       Dire flail        |       |       |   157 |   259 ||   416
Invok: Berserk           |     1 |     6 |     3 |     5 ||    15
Evoke: Wand              |       |       |    15 |     8 ||    23
  Use: Scroll            |     3 |     6 |     8 |     3 ||    20
       Potion            |     3 |     4 |     4 |     1 ||    12
 Stab: Sleeping          |       |     1 |       |       ||     1
  Eat: Chunk             |     9 |    27 |    33 |    22 ||    91
       Bread ration      |       |       |       |     1 ||     1
Armor: Animal skin       |    31 |    70 |    37 |       ||   138
       Robe              |       |       |    38 |    44 ||    82
Dodge: Dodged            |    51 |   129 |   155 |    94 ||   429
Block: Other             |     4 |    13 |    13 |    14 ||    44
       Reflection        |       |     1 |     2 |     2 ||     5

Table legend:
 A = Spawn XP
 B = Non-spawn XP
 C = Spawn XP percentage of total XP
 D = Spawn monster count
 E = Non-spawn monster count
 F = Spawn count percentage of total count
 G = Total turns spent on level
                    A         B        C        D         E        F      G
               +---------+---------+-------+---------+---------+-------+---------
         Total |       0 |   13683 |   0.0 |       0 |     257 |   0.0 |  8513
               +---------+---------+-------+---------+---------+-------+---------
           D:1 |       0 |      50 |   0.0 |       0 |      25 |   0.0 |   747
           D:2 |       0 |     129 |   0.0 |       0 |      25 |   0.0 |   896
           D:3 |       0 |     254 |   0.0 |       0 |      20 |   0.0 |   702
           D:4 |       0 |     250 |   0.0 |       0 |      24 |   0.0 |   691
           D:5 |       0 |     971 |   0.0 |       0 |      21 |   0.0 |   848
           D:6 |       0 |    2603 |   0.0 |       0 |      36 |   0.0 |   960
           D:7 |       0 |     593 |   0.0 |       0 |      17 |   0.0 |   607
           D:8 |       0 |    1324 |   0.0 |       0 |      18 |   0.0 |   800
           D:9 |       0 |    2202 |   0.0 |       0 |      32 |   0.0 |  1044
          D:10 |       0 |    3777 |   0.0 |       0 |      30 |   0.0 |  1023
          D:11 |       0 |    1530 |   0.0 |       0 |       9 |   0.0 |   195
               +---------+---------+-------+---------+---------+-------+---------
